 Dungeon Crawl Stone Soup version 0.23.2-1-ga50397a (webtiles) character file.

Game seed: 7671347408533266968

49 aefrtyi the Firebug (level 3, -8/28 HPs)
             Began as a Draconian Fire Elementalist on June 1, 2019.
             Mangled by Sigmund
             ... wielding a +0 scythe
              (10 damage)
             ... on level 2 of the Dungeon.
             The game lasted 00:06:29 (1332 turns).

aefrtyi the Firebug (Draconian Fire Elementalist)   Turns: 1332, Time: 00:06:30

Health: -8/28      AC:  5    Str: 10    XL:     3   Next: 53%
Magic:  4/7        EV: 12    Int: 16    God:
Gold:   109        SH:  0    Dex: 11    Spells: 1/7 levels left

rFire    . . .     SeeInvis .   a - +0 whip
rCold    . . .     Gourm    .   (no shield)
rNeg     . . .     Faith    .   (armour unavailable)
rPois    .         Spirit   .   (helmet restricted)
rElec    .         Reflect  .   (no cloak)
rCorr    .         Harm     .   (no gloves)
MR       .....                  (no boots)
Stlth    ++........             (no amulet)
HPRegen  0.09/turn              (no ring)
MPRegen  0.10/turn              (no ring)

@: very slightly contaminated
A: unfitting armour, cold-blooded, AC +5
a: no special abilities


You were on level 2 of the Dungeon.
You were not hungry.

You visited 1 branch of the dungeon, and saw 2 of its levels.

You collected 109 gold pieces.

Inventory:

Hand Weapons
 a - a +0 whip (weapon)
Scrolls
 d - 3 scrolls of amnesia {unknown}
 e - a scroll of enchant armour {unknown}
 f - 2 scrolls of teleportation {unknown}
 g - 2 scrolls of remove curse {unknown}
Potions
 c - a potion of haste {unknown}
 i - a potion of ambrosia {unknown}
 j - a potion of might {unknown}
 k - 2 potions of lignification {unknown}
 l - a potion of flight {unknown}
Comestibles
 b - 4 rations
 h - 4 chunks of flesh


   Skills:
 + Level 1.0 Fighting
 - Level 1.7 Dodging
 + Level 2.3 Stealth
 * Level 2.6 Spellcasting
 + Level 1.5 Conjurations
 + Level 3.3 Fire Magic


You had one spell level left.
You knew the following spells:

 Your Spells              Type           Power        Failure   Level  Hunger
a - Flame Tongue          Conj/Fire      #....        8%          1    #......
b - Throw Flame           Conj/Fire      #.....       11%         2    ##.....
c - Conjure Flame         Conj/Fire      #.......     22%         3    ###....

Your spell library contained the following spells:

 Spells                   Type           Power        Failure   Level  Hunger
 Inner Flame              Hex/Fire       #.......     30%         3    ###....
 Sticky Flame             Conj/Fire      #.......     58%         4    #####..
 Fireball                 Conj/Fire      #.........   90%         5    ######.


Dungeon Overview and Level Annotations

Branches:
Dungeon (2/15)

Altars:

Annotations:
D:2 Sigmund


Innate Abilities, Weirdness & Mutations

Your plain brown scales are hard. (AC +5)
You cannot fit into any form of body armour.
You are cold-blooded and may be slowed by cold attacks.


Message History

You hit Sigmund.
Sigmund is severely wounded.
Sigmund barely misses you.
You hit Sigmund.
Sigmund is almost dead.
Sigmund casts a spell at you. The puff of flame hits you.
You hit Sigmund.
Sigmund is almost dead.
Sigmund gestures at you while chanting. The puff of flame hits you.
* * * LOW HITPOINT WARNING * * *
You hit Sigmund but do no damage.
Sigmund is almost dead.
Sigmund hits you with a +0 scythe.
* * * LOW HITPOINT WARNING * * *
You hit Sigmund.
Sigmund is almost dead.
Sigmund hits you with a +0 scythe!
You die...

#... #..#
#..# #..
#.. #.#
#@# #@#
#.# #.#
#.# #.# ##
#.# ..
#.#######
#
#.#......#
##.#####.#


You could see Sigmund.

Vanquished Creatures
  2 adders (D:2)
  An ooze (D:1)
  2 leopard geckos
  3 bats (D:2)
  4 goblins
  2 hobgoblins (D:1)
  4 kobolds
  A ball python (D:1)
  2 frilled lizards
  5 rats
26 creatures vanquished.

Notes
Turn   | Place    | Note
-------+----------+-------------------------------------------
     0 | D:1      | aefrtyi the Draconian Fire Elementalist began the quest for
                  | the Orb.
     0 | D:1      | Reached XP level 1. HP: 14/14 MP: 3/3
   235 | D:1      | Reached XP level 2. HP: 19/22 MP: 1/5
   696 | D:2      | Reached XP level 3. HP: 27/27 MP: 2/6
   860 | D:2      | Learned a level 2 spell: Throw Flame
   864 | D:2      | Learned a level 3 spell: Conjure Flame
  1014 | D:2      | Reached skill level 1 in Fighting
  1317 | D:2      | Noticed Sigmund
  1332 | D:2      | Mangled by Sigmund

Skill      XL: |  1  2  3 |
---------------+----------+-----
Stealth        | 2 |  2.3
Fighting       | 1 |  1.0
Dodging        | |  1.7
Spellcasting   | |  2.6
Conjurations   | |  1.5
Fire Magic     | |  3.3

Action                   || total
-------------------------++-------
Melee: Whip              ||    29
       Tailslap          ||     2
 Cast: Flame Tongue      ||    32
       Throw Flame       ||     5
       Conjure Flame     ||     1
  Eat: Chunk             ||     2
Armor: Skin              ||     5
Dodge: Dodged            ||    20
